 Dungeon Crawl Stone Soup version 0.28.0-45-g0d030f2227 (webtiles) character file.

Game seed: 5861599952946372674

169 DearestLeader the Conjurer (level 5, 0/28 HPs)
             Began as a Deep Elf Conjurer on Apr 7, 2022.
             Killed from afar by an orc wizard (4 damage)
             ... with a magic dart
             ... on level 5 of the Dungeon.
             The game lasted 00:06:50 (2280 turns).

DearestLeader the Conjurer (Deep Elf Conjurer)      Turns: 2280, Time: 00:06:51

Health: 0/28       AC:  4    Str:  4    XL:     5   Next: 25%
Magic:  0/12       EV: 12    Int: 25    God:
Gold:   50         SH:  0    Dex: 13    Spells: 3/10 levels left

rFire   + . .      SeeInvis .   h - +2 hunting sling (freeze)
rCold   + . .      Faith    .   g - orb {*channel}
rNeg    . . .      Spirit   .   a - +0 robe
rPois   +          Reflect  .   (no helmet)
rElec   +          Harm     .   j - +1 cloak {rPois}
rCorr   +          Rampage  .   (no gloves)
Will    .....                   (no boots)
Stlth   ++........              (no amulet)
HPRegen 0.09/turn               (no ring)
MPRegen 0.13/turn               (no ring)

@: resistant
A: no striking features
a: no special abilities


You were on level 5 of the Dungeon.
You visited 1 branch of the dungeon, and saw 4 of its levels.

You collected 212 gold pieces.
You spent 162 gold pieces at shops.

Inventory:

Hand Weapons
 b - a +0 dagger
 h - a +2 hunting sling of freezing (weapon)
Missiles
 i - 56 stones (quivered ammo)
Armour
 a - a +0 robe (worn)
 g - an orb of energy (worn)
 j - a +1 cloak of poison resistance (worn)
Magical Staves
 k - a staff of cold
Jewellery
 e - an amulet of guardian spirit
Scrolls
 f - a scroll of teleportation {unknown}
 l - 2 scrolls of fog {unknown}


   Skills:
 - Level 3.0 Dodging
 - Level 3.0 Stealth
 - Level 3.3 Spellcasting
 * Level 6.3 Conjurations
 + Level 2.1 Evocations


You had 3 spell levels left.
You knew the following spells:

 Your Spells              Type           Power      Damage    Failure   Level
a - Magic Dart            Conj           100%       1d8       1%          1
b - Searing Ray           Conj           70%        2d7       1%          2
c - Fulminant Prism       Conj/Hex       9%         3d7       26%         4

Your spell library contained the following spells:

 Spells                   Type           Power      Damage    Failure   Level
 Foxfire                  Conj/Fire      76%        2x1d7     2%          1
 Shock                    Conj/Air       76%        1d7       2%          1
 Conjure Flame            Conj/Fire      19%        6-21      9%          3
 Dazzling Flash           Conj/Hex       38%        N/A       9%          3
 Sting                    Tmut/Pois      16%        1d3       10%         1
 Poisonous Vapours        Pois/Air       8%         N/A       14%         2
 Inner Flame              Hex/Fire       4%         N/A       28%         3
 Swiftness                Air            4%         N/A       28%         3
 Flame Wave               Conj/Fire      19%        2d6       26%         4
 Iskenderun's Mystic Bla  Conj/Tloc      19%        2d6       26%         4
 Airstrike                Air            2%         N/A       67%         4
 Olgreb's Toxic Radiance  Pois           4%         N/A       67%         4
 Summon Forest            Summ/Tloc      2%         N/A       95%         5
 Eringya's Noxious Bog    Tmut/Pois      2%         N/A       100%        6
 Summon Hydra             Summ           2%         N/A       100%        7


Dungeon Overview and Level Annotations

Branches:
Dungeon (3/15)

Altars:
Makhleb

Shops:
D:2 [


Message History

You aren't carrying any potions.
Fire: 60 stones
Press: ? - help, Q - select action, (/) - cycle Shift-Dir - straight line, f - you Really target yourself? [Y]es or [N]o only, please.
Really target yourself?
Okay, then.
Fire: 60 stones
Press: ? - help, Q - select action, (/) - cycle Shift-Dir - straight line You shoot a stone.
Something hits you.
* * * LOW HITPOINT WARNING * * *
Unknown command.
Fire: 59 stones
Press: ? - help, Q - select action, (/) - cycle Shift-Dir - straight line You shoot a stone.
Something hits you.
* * * LOW HITPOINT WARNING * * *
Fire: 58 stones
Press: ? - help, Q - select action, (/) - cycle Shift-Dir - straight line You shoot a stone.
Something hits you.
* * * LOW HITPOINT WARNING * * *
Unknown command.
Casting: Magic Dart (safe; 1% risk of failure)
Confirm with . or Enter, or press ? or * to list all spells.
You can't see any susceptible monsters within range! (Use Z to cast anyway.)
Casting: Magic Dart (safe; 1% risk of failure)
Confirm with . or Enter, or press ? or * to list all spells.
Aiming: Magic Dart (safe; 1% risk of failure)
Press: ? - help, Shift-Dir - straight line The magic dart hits something.
Something hits you but does no damage.
Unknown command.
Fire: 57 stones
Press: ? - help, Q - select action, (/) - cycle Shift-Dir - straight line You shoot a stone.
You hear some strange, mumbled words.
A magic dart appears from out of thin air!
The magic dart hits you.
You die...

############
#.....@{..(#
#
#.########.#
###########.#
#.#
............#
#)#
#############
#.# # #)# #(#
#(# #(#


There were no monsters in sight!

Vanquished Creatures
  A scorpion (D:5)
  An iguana (D:5)
  An adder (D:2)
  2 dart slugs (D:2)
  4 orcs (D:5)
  A ball python (D:1)
  5 endoplasms
  3 giant cockroaches (D:1)
  8 goblins
  3 hobgoblins
  2 jackals (D:1)
  A quokka (D:2)
  3 bats
  6 frilled lizards
  4 kobolds
  24 rats
69 creatures vanquished.

Vanquished Creatures (others)
  3 fungi (D:1)
  5 toadstools (D:1)
8 creatures vanquished.

Grand Total: 77 creatures vanquished

Notes
Turn   | Place    | Note
-------+----------+-------------------------------------------
     0 | D:1      | DearestLeader the Deep Elf Conjurer began the quest for the
                  | Orb.
     0 | D:1      | Reached XP level 1. HP: 10/10 MP: 6/6
   149 | D:1      | Reached XP level 2. HP: 15/15 MP: 5/8
   237 | D:1      | Learned a level 2 spell: Searing Ray
   649 | D:1      | Reached XP level 3. HP: 19/19 MP: 7/9
   745 | D:2      | Found a burning altar of Makhleb.
   847 | D:2      | Reached skill level 5 in Conjurations
  1463 | D:2      | Found Efiojan's Armour Shoppe.
  1533 | D:2      | Bought a +1 cloak of poison resistance for 162 gold pieces
  1809 | D:2      | Reached XP level 4. HP: 24/24 MP: 11/11
  1855 | D:2      | Learned a level 4 spell: Fulminant Prism
  2038 | D:2      | Found a faded altar of an unknown god.
  2092 | D:3      | You fall into a shaft and drop 2 floors!
  2092 | D:5      | Entered Level 5 of the Dungeon
  2099 | D:5      | Reached skill level 1 in Evocations
  2158 | D:5      | Noticed a scorpion
  2164 | D:5      | Killed a scorpion
  2165 | D:5      | Reached skill level 6 in Conjurations
  2165 | D:5      | Reached XP level 5. HP: 28/28 MP: 6/12
  2280 | D:5      | Killed from afar by an orc wizard

Illustrated notes

Levels and vault maps discovered:
D:1:      psy_arrival_whirlpool, layout_rooms, minmay_gold_behind_fungi
D:2:      minmay_diamond_boxcup, layout_loops_ring, serial_shops, shop_statue,
          basic_altar, shapermc_ecumenical_altar_hornbeckon, minmay_rat_hole
D:3:      layout_rooms, gup_sewer_entry_bowl, serial_shops, shop
D:5:      layout_loops_ring, minmay_temple_entry_sparse_star, serial_shops,
          nicolae_diamond_shop, amcnicky_mini_rare_corridor_liquid, uniq_grinder

Skill      XL: |  1  2  3  4 |
---------------+-------------+-----
Stealth        | 3 |  3.0
Dodging        | 3 |  3.0
Conjurations   | 5 6 |  6.3
Evocations     | 2 |  2.1
Spellcasting   | |  3.3

Action                   |  1- 3 |  4- 6 || total
-------------------------+-------+-------++-------
Melee: Unarmed           |     1 |       ||     1
       Dagger            |    17 |       ||    17
 Fire: Hunting sling     |    24 |    31 ||    55
 Cast: Magic Dart        |    63 |     2 ||    65
       Searing Ray       |     1 |     5 ||     6
  Use: Potion            |       |     2 ||     2
Armor: Robe              |     5 |     4 ||     9
Dodge: Dodged            |    12 |     6 ||    18
